 Dungeon Crawl Stone Soup version 0.31-a0-210-gccc998df9b (webtiles) character file.

Game seed: 11103528174249744515

330 qw the Shooter (level 6, -3/56 HPs)
             Began as a Minotaur Hexslinger on June 29, 2023.
             Slain by a gnoll
             ... wielding a +0 spear
              (4 damage)
             ... on level 4 of the Dungeon.
             The game lasted 00:01:00 (2470 turns).

qw the Shooter (Minotaur Hexslinger)                Turns: 2470, Time: 00:01:01

Health: -3/56      AC:  6    Str: 12    XL:     6   Next: 26%
Magic:  6/6        EV: 11    Int: 10    God:
Gold:   181        SH:  0    Dex: 15    Spells: 6/7 levels left

rFire   . . .        Y - +0 shortbow
rCold   . . .        (shield currently unavailable)
rNeg    . . .        h - +0 ring mail
rPois   .            (helmet restricted)
rElec   .            (no cloak)
rCorr   .            e - +0 pair of gloves
SInv    .            (no boots)
Will    .....        (no amulet)
Stlth   +            (no ring)
HPRegen 0.29/turn    (no ring)
MPRegen 0.10/turn

%: no passive effects
@: no status effects
A: horns 2, retaliatory headbutt
a: no special abilities


You were on level 4 of the Dungeon.
You visited 1 branch of the dungeon, and saw 4 of its levels.

You collected 181 gold pieces.


Innate Abilities, Weirdness & Mutations

You have a pair of horns on your head.
You reflexively headbutt those who attack you in melee.


   Skills:
 - Level 5.2 Fighting
 + Level 5.4 Ranged Weapons
 - Level 1.1 Armour
 - Level 2.1 Dodging
 - Level 1.0 Spellcasting
 - Level 2.0 Hexes


You had 6 spell levels left.
You knew the following spells:

 Your Spells              Type           Power      Damage    Failure   Level
a - Slow                  Hex            16%        N/A       34%         1

Your spell library contained the following spells:

 Spells                   Type           Power      Damage    Failure   Level
 Inner Flame              Hex/Fire       2%         N/A       83%         3
 Portal Projectile        Hex/Tloc       4%         N/A       83%         3
 Cause Fear               Hex            2%         N/A       98%         4

Inventory:

Hand Weapons
 Y - a +0 shortbow (weapon)
Armour
 e - a +0 pair of gloves (worn)
 h - a +0 ring mail (worn)
Scrolls
 c - 3 scrolls of teleportation {unknown}
 d - a scroll of enchant armour {unknown}
 i - a scroll of identify
Potions
 b - a potion of magic {unknown}
 f - a potion of enlightenment {unknown}
 g - a potion of haste {unknown}
 j - a potion of berserk rage {unknown}
 k - a potion of invisibility {unknown}

Dungeon Overview and Level Annotations

Branches:
Dungeon (4/15)
 Temple: D:4-7

Altars:
Xom

Shops:
D:1 *

Annotations:
D:3 2 transporters, qw's ghost, amateur DEHu


Message History

The orc hits you but does no damage.
The gnoll hits you from afar with a +0 spear.
The gnoll hits you with a +0 flail. The gnoll completely misses you.
The orc hits you from afar with a +1 trident of protection.
The gnoll misses you. The gnoll hits you but does no damage.
The gnoll barely misses you.
You shoot an arrow. The arrow hits the gnoll!
You kill the gnoll!
The gnoll hits you from afar with a +0 spear.
The gnoll hits you but does no damage.
The orc priest calls upon Beogh to heal the orc.
The orc's wounds heal themselves!
The orc hits you from afar with a +1 trident of protection.
You shoot an arrow. The arrow hits the gnoll.
The gnoll is heavily wounded.
The gnoll hits you from afar with a +0 spear!
The gnoll barely misses you. The orc barely misses you.
You shoot an arrow. The arrow barely misses the gnoll.
The gnoll misses you.
The gnoll hits you from afar with a +0 spear.
The orc hits you from afar with a +1 trident of protection.
2468 ||| DRINKING potion of heal wounds.
You feel much better. The gnoll misses you. The orc misses you.
The gnoll hits you from afar with a +0 spear!
You shoot an arrow. The arrow hits the gnoll.
The gnoll is severely wounded.
The orc closely misses you. The gnoll barely misses you. x2
The orc hits you from afar with a +1 trident of protection.
The orc wizard gestures wildly while chanting.
The orc wizard flickers and vanishes!
Deactivating autopickup; reactivate with Ctrl-A.
The gnoll hits you from afar with a +0 spear.
The gnoll hits you but does no damage.
You shoot an arrow. The arrow hits the gnoll.
The gnoll is severely wounded.
The orc priest calls down the wrath of Beogh upon you.
Beogh smites you!
The gnoll hits you from afar with a +0 spear.
You die...

#......
#......
......
#...{#
#..og#
##.ggo#
#....)+
#....@#
##########
#.....#
#...<.....
#.....#
##########
#.....#
#..... +#
#.....#
#.#### .#
#.#####
#.# #. .#
#.# #.###.
.# #.#
###.....
.# #.#
#.......


You could see an orc priest, 3 gnolls and an orc.

Vanquished Creatures
  Sigmund (D:4)
  Natasha (D:4)
  4 gnolls
  2 adders
  3 worms
  5 dart slugs
  6 orcs
  3 endoplasms
  A giant cockroach (D:1)
  3 goblins
  8 hobgoblins
  4 jackals (D:1)
  4 kobolds
  A quokka (D:3)
  3 ball pythons
  7 bats
  4 frilled lizards
  7 rats
67 creatures vanquished.

Notes
Turn   | Place    | Note
-------+----------+-------------------------------------------
     0 | D:1      | qw the Minotaur Hexslinger began the quest for the Orb.
     0 | D:1      | Reached XP level 1. HP: 16/16 MP: 1/1
     0 | D:1      | 0 ||| qw: Version: 0.3-a-24-ga2abf7b
     0 | D:1      | 0 ||| qw: Game counter: 7001
     0 | D:1      | 0 ||| qw: Melee chars always use a shield: true
     0 | D:1      | 0 ||| qw: God list: Okawaru
     0 | D:1      | 0 ||| qw: Allow faded altars: false
     0 | D:1      | 0 ||| qw: Do Orc after clearing Dungeon:15 true
     0 | D:1      | 0 ||| qw: Do second Lair branch before Depths: true
     0 | D:1      | 0 ||| qw: Lair rune preference: random
     0 | D:1      | 0 ||| qw: Goals: Normal
     0 | D:1      | 0 ||| PLANNING D:1-11
    30 | D:1      | HP: 4/16 [jackal (2)]
    34 | D:1      | Reached skill level 3 in Ranged Weapons
    65 | D:1      | Reached XP level 2. HP: 17/23 MP: 2/2
   264 | D:1      | Found Uxocs's General Store.
   273 | D:1      | 273 ||| SHOPLISTING potion of enlightenment (70 gold, have
                  | 15).
   273 | D:1      | 273 ||| SHOPLISTING scroll of enchant armour (105 gold,
                  | have 15).
   273 | D:1      | 273 ||| SHOPLISTING scroll of teleportation (42 gold, have
                  | 15).
   506 | D:1      | 506 ||| UPGRADING to +0 pair of gloves.
   511 | D:1      | 511 ||| UPGRADING to +0 ring mail.
   521 | D:1      | 521 ||| DROPPING +0 robe.
   522 | D:1      | 522 ||| DROPPING +0 ring mail.
   523 | D:1      | 523 ||| READING scroll labelled BOGYCW VYKLICK.
   524 | D:1      | 524 ||| READING scroll labelled BICUSAUVIAG.
   525 | D:1      | 525 ||| READING scroll labelled SONIUHA ULOXT.
   526 | D:1      | 526 ||| DRINKING 3 viscous silvery potions.
   527 | D:1      | 527 ||| DRINKING 2 metallic brown potions.
   528 | D:1      | 528 ||| DROPPING scroll of poison.
   529 | D:1      | 529 ||| DROPPING potion of attraction.
   604 | D:2      | Reached XP level 3. HP: 29/29 MP: 3/3
   655 | D:2      | HP: 6/29 [poisoned by an adder]
   656 | D:2      | 656 ||| DRINKING 2 potions of heal wounds.
   660 | D:2      | 660 ||| DRINKING potion of heal wounds.
   664 | D:2      | Reached skill level 1 in Armour
   667 | D:2      | Reached XP level 4. HP: 24/36 MP: 4/4
   716 | D:2      | Found a faded altar of an unknown god.
   811 | D:2      | Identified the +7 falchion of Vaatyrol {flame, *Corrode Fly
                  | Int+4}
  1033 | D:2      | 1033 ||| READING 2 scrolls labelled LOUKHL WULEH.
  1034 | D:2      | 1034 ||| DROPPING scroll of amnesia.
  1113 | D:2      | 1113 ||| Stepping randomly (stuck).
  1371 | D:3      | 1371 ||| SWAPPING to +0 shortbow.
  1373 | D:3      | 1373 ||| DROPPING +1 sling.
  1597 | D:3      | Found a shimmering altar of Xom.
  1732 | D:3      | Found a transporter.
  1735 | D:3      | Noticed qw's ghost (amateur DEHu)
  1740 | D:3      | Found a transporter.
  1847 | D:3      | 1847 ||| READING scroll labelled HITSUE ZUCAFON.
  1848 | D:3      | 1848 ||| READING scroll labelled INWITA ROAMU.
  2037 | D:4      | Noticed Sigmund
  2047 | D:4      | Killed Sigmund
  2048 | D:4      | Reached XP level 5. HP: 36/48 MP: 5/5
  2048 | D:4      | Reached XP level 6. HP: 42/56 MP: 6/6
  2192 | D:4      | Noticed Natasha
  2202 | D:4      | Killed Natasha
  2467 | D:4      | HP: 14/56 [gnoll/+0 spear (3)]
  2468 | D:4      | 2468 ||| DRINKING potion of heal wounds.
  2470 | D:4      | HP: 1/56 [orc priest/divine providence (14)]
  2470 | D:4      | Slain by a gnoll

Levels and vault maps discovered:
D:1:      lemuel_arrival_room, layout_rooms, serial_shops, nicolae_shop_crystal
D:2:      layout_basic, nicolae_ecumenical_oubliette, grunt_ministairs_3
D:3:      layout_basic, mainiacjoe_overflow_six_doors_small,
          gammafunk_ghost_mausoleum, fountainhead
D:4:      layout_basic, dancing_weapons_uskayaw, uniq_sigmund, uniq_natasha

Skill      XL: |  1  2  3  4 |
---------------+-------------+-----
Ranged Weapons | 3 4 5 |  5.4
Fighting       | 2 5 |  5.2
Armour         | 1 |  1.1
Dodging        | |  2.1
Spellcasting   | |  1.0
Hexes          | |  2.0

Action                     |  1- 3 |  4- 6 || total
---------------------------+-------+-------++-------
   Fire: Sling             |    79 |    54 ||   133
         Shortbow          |       |    97 ||    97
    Use: Scroll            |     3 |     3 ||     6
         Potion            |     4 |     1 ||     5
 Armour: Robe              |     8 |       ||     8
         Ring mail         |    21 |    27 ||    48
  Dodge: Dodged            |    57 |    66 ||   123

Table legend:
 A = Non-vault XP
 B = Vault XP
 C = Vault XP percentage of total XP
 D = Non-vault monster count
 E = Vault monster count
 F = Vault count percentage of total count
                 A         B        C        D         E       F
            +---------+---------+-------+---------+---------+-------
      Total |     206 |     266 |  56.4 |      63 |       4 |   6.0
            +---------+---------+-------+---------+---------+-------
        D:1 |      37 |       0 |   0.0 |      19 |       0 |   0.0
        D:2 |      73 |       4 |   5.2 |      14 |       2 |  12.5
        D:3 |      60 |       0 |   0.0 |      26 |       0 |   0.0
        D:4 |      36 |     262 |  87.9 |       4 |       2 |  33.3
            +---------+---------+-------+---------+---------+-------
